 Dungeon Crawl Stone Soup version 0.25-a0-645-gb4487340cb (console) character file.

Game seed: 1001191812672880447, levelgen mode: deterministic

84 Bikaver the Ducker (level 4, -3/24 HPs)
             Began as a Deep Elf Conjurer on Mar 21, 2020.
             Slain by Purgy (8 damage)
             ... on level 3 of the Dungeon.
             The game lasted 00:13:46 (1879 turns).

Bikaver the Ducker (Deep Elf Conjurer)              Turns: 1879, Time: 00:13:47

Health: -3/24      AC:  3    Str:  3 (5)  XL:     4   Next: 23%
Magic:  1/10       EV: 15    Int: 20 (21) God:
Gold:   30         SH:  0    Dex: 14 (15) Spells: 6/9 levels left

rFire    . . .     SeeInvis .   (no weapon)
rCold    . . .     Gourm    .   (no shield)
rNeg     . . .     Faith    .   a - +0 robe
rPois    .         Spirit   .   (no helmet)
rElec    .         Reflect  .   i - +0 cloak (curse)
rCorr    .         Harm     .   (no gloves)
MR       +....                  (no boots)
Stlth    ++........             (no amulet)
HPRegen  0.08/turn              e - ring of protection from magic
MPRegen  0.12/turn              (no ring)

@: about to teleport
A: hooves 1, blink, deformed body, shaggy fur 1
a: Blink


You were on level 3 of the Dungeon.
You were not hungry.

You visited 1 branch of the dungeon, and saw 3 of its levels.
You also visited: Sewer.

You collected 30 gold pieces.

Inventory:

Armour
 a - a +0 robe (worn)
 i - a cursed +0 cloak (worn)
 j - a +0 pair of boots
Jewellery
 e - a ring of protection from magic (left hand)
Scrolls
 b - a scroll of teleportation
 g - a scroll of blinking
Potions
 d - a potion of cancellation {unknown}
Comestibles
 c - 5 rations
 f - 3 chunks of flesh


   Skills:
 - Level 5.2 Dodging
 - Level 2.4 Stealth
 - Level 3.0 Spellcasting
 + Level 4.6 Conjurations


You had 6 spell levels left.
You knew the following spells:

 Your Spells              Type           Power        Failure   Level  Hunger
a - Magic Dart            Conj           ###.         2%          1    None
b - Searing Ray           Conj           ###...       3%          2    ##.....

Your spell library contained the following spells:

 Spells                   Type           Power        Failure   Level  Hunger
 Corona                   Hex            #......      14%         1    None
 Dazzling Flash           Conj/Hex       ##....       17%         3    ###....
 Ensorcelled Hibernation  Hex/Ice        #.....       22%         2    ##.....
 Confusing Touch          Hex            #.......     38%         3    ###....
 Tukima's Dance           Hex            #.......     38%         3    ###....
 Fulminant Prism          Conj/Hex       ##........   50%         4    ####...
 Iskenderun's Mystic Bla  Conj/Tloc      ##......     50%         4    ####...


Dungeon Overview and Level Annotations

Branches:
Dungeon (3/15)              Sewer (visited)

Altars:
Elyvilon

Annotations:
D:2 Sigmund
D:3 Purgy


Innate Abilities, Weirdness & Mutations

You have large cloven feet.
You can translocate small distances at will.
Armour fits poorly on your strangely shaped body.
You are covered in fur. (AC +1)


Message History

Aim: Purgy (severely wounded)
The searing ray misses Purgy. (Press . to maintain the ray.) Purgy closely misses you.
Purgy claws you but does no damage. Purgy completely misses you.
Purgy bites you!
* * * LOW HITPOINT WARNING * * *
Purgy claws you but does no damage. Purgy barely misses you.
You enter the shallow water.
Moving in this stuff is going to be slow.
There is an empty arch of ancient stone here.
There is a gate leading back out of this place here.
Purgy misses you. Purgy claws you.
* * * LOW HITPOINT WARNING * * *
Purgy barely misses you.
Welcome back to the Dungeon!
There is a collapsed entrance here.
As you read the scroll of teleportation, it crumbles to dust.
You feel strangely unstable. Purgy bites you!
You die...

#####...###
......÷...#
#####...#.#
##.##..########
#.##.##≈≈≈.≈≈≈
#.##.#≈≈≈≈≈≈≈≈
######.##.#..#######
.....<(...#.÷≈≈≈≈≈≈##
######.##.##≈≈≈.@T†≈##
#(....##≈≈≈≈≈≈..#
#########.#########†.#
(.........#..≈≈≈≈≈≈†.#
#########..≈≈≈≈≈≈.≈.##
#..≈######### #####


You could see Purgy.

Vanquished Creatures
  A gnoll (D:1)
  An adder (D:2)
  2 worms
  2 dart slugs (D:1)
  8 leopard geckos
  4 giant cockroaches
  3 goblins (D:1)
  6 hobgoblins
  4 kobolds
  9 bats
  6 frilled lizards
  4 rats (D:1)
50 creatures vanquished.

Notes
Turn   | Place    | Note
-------+----------+-------------------------------------------
     0 | D:1      | Bikaver the Deep Elf Conjurer began the quest for the Orb.
     0 | D:1      | Reached XP level 1. HP: 10/10 MP: 6/6
    65 | D:1      | Reached skill level 3 in Dodging
    91 | D:1      | Reached XP level 2. HP: 10/15 MP: 4/8
    98 | D:1      | Learned a level 2 spell: Searing Ray
   488 | D:1      | Reached skill level 4 in Dodging
   707 | D:1      | Reached XP level 3. HP: 19/19 MP: 4/9
  1372 | D:2      | Noticed Sigmund
  1480 | D:2      | Reached skill level 5 in Dodging
  1517 | D:2      | Found a white marble altar of Elyvilon.
  1634 | D:3      | Reached XP level 4. HP: 24/24 MP: 8/10
  1683 | D:3      | Found a glowing drain.
  1701 | D:3      | Gained mutation: Armour fits poorly on your strangely
                  | shaped body. [potion of mutation]
  1701 | D:3      | Gained mutation: You can translocate small distances at
                  | will. [potion of mutation]
  1701 | D:3      | Gained mutation: You are covered in fur. (AC +1) [potion of
                  | mutation]
  1701 | D:3      | Gained mutation: You have large cloven feet. [potion of
                  | mutation]
  1763 | Sewer    | Entered a sewer
  1863 | Sewer    | Noticed Purgy
  1879 | D:3      | Slain by Purgy

Levels and vault maps discovered:
D:1:      scummos_arrival_simple_fountains, layout_basic, hex_tiny,
          serial_bayou_pond_d, minmay_heptomino_o4
D:2:      layout_basic, lemuel_doored_altar, elyvilon_altar_5, first_ration,
          uniq_sigmund
D:3:      minmay_inner_zag, layout_loops_ring, gup_sewer_entry_pipe

Skill      XL: |  1  2  3 |
---------------+----------+-----
Dodging        | 3 4 5 |  5.2
Stealth        | |  2.4
Spellcasting   | |  3.0
Conjurations   | |  4.6

Action                   |  1- 3 |  4- 6 || total
-------------------------+-------+-------++-------
Melee: Unarmed           |       |    22 ||    22
       Kick              |       |     1 ||     1
 Cast: Magic Dart        |    75 |    14 ||    89
       Searing Ray       |     3 |     6 ||     9
 Abil: Blink             |       |     1 ||     1
  Use: Scroll            |     4 |     1 ||     5
       Potion            |       |     3 ||     3
  Eat: Chunk             |     2 |     1 ||     3
Armor: Robe              |     2 |     9 ||    11
Dodge: Dodged            |     5 |    31 ||    36

Table legend:
 A = Non-vault XP
 B = Vault XP
 C = Vault XP percentage of total XP
 D = Non-vault monster count
 E = Vault monster count
 F = Vault count percentage of total count
                 A         B        C        D         E       F
            +---------+---------+-------+---------+---------+-------
      Total |      95 |      25 |  20.8 |      38 |      12 |  24.0
            +---------+---------+-------+---------+---------+-------
        D:1 |      64 |       7 |   9.9 |      28 |       3 |   9.7
        D:2 |      25 |       0 |   0.0 |       8 |       0 |   0.0
        D:3 |       6 |      15 |  71.4 |       2 |       6 |  75.0
      Sewer |       0 |       3 | 100.0 |       0 |       3 | 100.0
            +---------+---------+-------+---------+---------+-------
